 Dungeon Crawl Stone Soup version 0.30.1 (webtiles) character file.

Game seed: 14249460627773255340

926 Graphine the Ducker (level 8, -3/60 HPs)
             Began as a Merfolk Gladiator on July 6, 2023.
             Was a Follower of Qazlal.
             Slain by a sleepcap (5 damage)
             ... on level 6 of the Dungeon.
             The game lasted 00:12:15 (4474 turns).

Graphine the Ducker (Merfolk Gladiator)             Turns: 4474, Time: 00:12:15

Health: -3/60      AC:  1    Str: 16    XL:     8   Next: 10%
Magic:  8/8        EV: 12    Int:  7    God:    Qazlal [*.....]
Gold:   240        SH:  1    Dex: 16    Spells: 7/7 levels left

rFire   + + .        f - +0 halberd
rCold   x . .        (shield currently unavailable)
rNeg    . . .        o - +1 fire dragon scales
rPois   .            c - +0 helmet
rElec   .            (no cloak)
rCorr   .            r - +2 pair of gloves
SInv    .            (no boots)
Will    .....        (no amulet) Stlth
                     (no ring)
HPRegen 0.30/turn    (no ring)
MPRegen 0.11/turn

%: no passive effects
@: corroded
A: (nimble swimmer 2), mertail
a: Renounce Religion


You were on level 6 of the Dungeon.
You worshipped Qazlal.
Qazlal was aware of your devotion.
You visited 1 branch of the dungeon, and saw 6 of its levels.

You collected 240 gold pieces.

Inventory:

Hand Weapons
 f - a +0 halberd (weapon)
 j - a +2 dagger of venom
Missiles
 a - a javelin
 d - 3 throwing nets (quivered)
Armour
 b - a +0 leather armour
 c - a +0 helmet (worn)
 e - a +1 ring mail of cold resistance
 m - a +0 pair of gloves
 o - +1 fire dragon scales (worn)
 r - a +2 pair of gloves (worn)
Magical Staves
 u - a staff of fire
Wands
 q - a wand of acid (4)
Scrolls
 g - a scroll of identify
 p - 3 scrolls of magic mapping
Potions
 h - a potion of flight
 i - a potion of brilliance
 k - 2 potions of resistance
 l - 2 potions of cancellation {unknown}
 n - a potion of mutation
 s - a potion of might {unknown}
 t - a potion of attraction


   Skills:
 + Level 4.0 Fighting
 * Level 7.2 Polearms
 * Level 4.8 Throwing
 + Level 1.6 Armour
 * Level 7.3 Dodging


You had 7 spell levels left.
You didn't know any spells.
Your spell library contained the following spells:

 Spells                   Type           Power      Damage    Failure   Level
 Shock                    Conj/Air       0%         1d3       92%         1
 Summon Small Mammal      Summ           0%         N/A       92%         1
 Cigotuvi's Dreadful Rot  Necr/Pois/Air  0%         N/A       98%         2
 Call Canine Familiar     Summ           0%         N/A       100%        3
 Summon Guardian Golem    Hex/Summ       0%         N/A       100%        3
 Swiftness                Air            0%         N/A       100%        3
 Vhi's Electric Charge    Tloc/Air       0%         N/A       100%        3
 Airstrike                Air            0%         2d(0-16)  100%        4
 Dispel Undead            Necr           0%         3d6       100%        4
 Arcjolt                  Conj/Air       0%         1d10      100%        5
 Death Channel            Necr           0%         N/A       100%        6
 Maxwell's Capacitive Co  Air            0%         ∞         100%        8


Dungeon Overview and Level Annotations

Branches:
Dungeon (6/15)
 Temple: D:4-7

Altars:
Dithmenos
Kikubaaqudgha
Qazlal
Trog
Vehumet
Zin


Innate Abilities, Weirdness & Mutations

((You are very nimble when in or above water. (Stealth+, EV+, Speed+++)))
Your lower body shifts to a powerful aquatic tail in water.


Message History

You are engulfed in a cloud of soporific spores!
You are unaffected.
The sleepcap closely misses you.
Reach: f) +0 halberd
Press: ? - help, Dir - move target, f/p - sleepcap
Aim: a sleepcap (moderately damaged, about 2% to evade your +0 halberd)
You hit the sleepcap but do no damage.
The sleepcap is moderately damaged.
The sleepcap releases spores at you.
* * * LOW HITPOINT WARNING * * *
Reach: f) +0 halberd
Press: ? - help, Dir - move target, f/p - sleepcap
Aim: a sleepcap (moderately damaged, about 2% to evade your +0 halberd)
You hit the sleepcap but do no damage.
The sleepcap is moderately damaged.
The sleepcap releases spores at you.
* * * LOW HITPOINT WARNING * * *
You are engulfed in a cloud of soporific spores!
You fall asleep.
The sleepcap releases spores at you.
You wake up.
* * * LOW HITPOINT WARNING * * *
Unknown command.
Okay, then.
Reach: f) +0 halberd
Press: ? - help, Dir - move target, f/p - sleepcap
Aim: a sleepcap (moderately damaged, about 2% to evade your +0 halberd)
You hit the sleepcap.
The sleepcap is moderately damaged.
The sleepcap releases spores at you.
* * * LOW HITPOINT WARNING * * *
Reach: f) +0 halberd
Press: ? - help, Dir - move target, f/p - sleepcap
Aim: a sleepcap (moderately damaged, about 2% to evade your +0 halberd)
Okay, then.
Aiming: Corrosive Bolt
Press: ? - help, Shift-Dir - straight line, f/p - sleepcap
Aim: a sleepcap (moderately damaged, 100% to hit)
The bolt of acid hits the sleepcap.
The acid corrodes the sleepcap!
The sleepcap is heavily damaged.
The sleepcap releases spores at you.
You die...

# ##.
....
.....####
.......<#
.....##f#
... #@# J
#.# ...
#####


You could see a sleepcap (corroded).

Vanquished Creatures
  Menkaure (D:5)
  A black bear (D:3)
  An ogre (D:5)
  A phantom (D:5)
  A kobold brigand (D:4)
  A jelly (D:6)
  An orc priest (D:3)
  A gnoll bouda (D:5)
  4 iguanas
  3 orc wizards
  Robin (D:2)
  8 gnolls
  2 adders
  4 worms
  A dart slug (D:4)
  9 orcs
  2 bat zombies (D:5)
  5 endoplasms
  4 giant cockroaches
  7 hobgoblins
  12 jackals
  4 quokkas
  6 ball pythons
  5 bats
  A frilled lizard (D:2)
  15 goblins
  9 kobolds
  2 rats (D:1)
  A rat zombie (D:5)
113 creatures vanquished.

Vanquished Creatures (others)
  An orc (D:5)
1 creature vanquished.

Grand Total: 114 creatures vanquished

Notes
Turn   | Place    | Note
-------+----------+-------------------------------------------
     0 | D:1      | Graphine the Merfolk Gladiator began the quest for the Orb.
     0 | D:1      | Reached XP level 1. HP: 16/16 MP: 1/1
    64 | D:1      | Reached XP level 2. HP: 22/22 MP: 2/2
   213 | D:1      | Reached XP level 3. HP: 17/28 MP: 3/3
   723 | D:2      | Reached XP level 4. HP: 26/34 MP: 4/4
   727 | D:2      | Reached skill level 5 in Dodging
   823 | D:2      | Noticed Robin
   851 | D:2      | Killed Robin
   857 | D:2      | Reached skill level 5 in Polearms
  1572 | D:3      | Reached XP level 5. HP: 39/40 MP: 5/5
  2046 | D:3      | Noticed a black bear
  2057 | D:3      | Killed a black bear
  2058 | D:3      | Reached XP level 6. HP: 33/47 MP: 6/6
  2468 | D:4      | Found a radiant altar of Vehumet.
  2705 | D:4      | Found a bloodstained altar of Trog.
  2847 | D:4      | Found a stormy altar of Qazlal.
  2981 | D:4      | Became a worshipper of Qazlal Stormbringer
  3057 | D:5      | Entered Level 5 of the Dungeon
  3175 | D:5      | Found a glowing silver altar of Zin.
  3277 | D:5      | Found an ancient bone altar of Kikubaaqudgha.
  3431 | D:5      | Noticed Menkaure
  3437 | D:5      | Killed Menkaure
  3438 | D:5      | Reached skill level 1 in Armour
  3438 | D:5      | Reached XP level 7. HP: 25/52 MP: 7/7
  4244 | D:5      | Reached XP level 8. HP: 60/60 MP: 8/8
  4262 | D:5      | Found a shadowy altar of Dithmenos.
  4280 | D:5      | Reached * piety under Qazlal
  4466 | D:6      | HP: 3/60 [sleepcap (19)]
  4473 | D:6      | HP: 2/60 [sleepcap (4)]
  4474 | D:6      | Slain by a sleepcap

Illustrated notes

Levels and vault maps discovered:
D:1:      dpeg_arrival_brainrot, layout_rooms, minmay_shallow_snake_nest
D:2:      layout_basic, uniq_robin
D:3:      layout_rooms
D:4:      layout_rooms, mainiacjoe_overflow_brackets, minitemple
D:5:      layout_cave_pods, mainiacjoe_overflow_24_doors, grunt_dithmenos_smoke,
          lemuel_zombie_altar_kikubaaqudgha, uniq_menkaure
D:6:      layout_loops_ring, minmay_temple_entry_enclosed_plants,
          chequers_decorated_corner, uniq_maggie

Skill      XL: |  1  2  3  4  5  6  7  8 |
---------------+-------------------------+-----
Dodging        | 5 6 7 |  7.3
Polearms       | 5 6 7 |  7.2
Throwing       | 3 4 |  4.8
Fighting       | 3 4 |  4.0
Armour         | 1 |  1.6

Action                     |  1- 3 |  4- 6 |  7- 9 || total
---------------------------+-------+-------+-------++-------
  Melee: Trident           |    95 |   206 |    47 ||   348
         Punch             |     2 |     1 |     1 ||     4
         Halberd           |       |       |    76 ||    76
  Throw: Javelin           |       |     2 |     1 ||     3
  Evoke: Wand              |       |     8 |     5 ||    13
    Use: Scroll            |       |    16 |     2 ||    18
         Potion            |       |       |     2 ||     2
   Stab: Sleeping          |     2 |     1 |       ||     3
 Armour: Leather armour    |    15 |     8 |       ||    23
         Fire dragon scale |       |    77 |    45 ||   122
  Dodge: Dodged            |    51 |    86 |    63 ||   200
